Cogmind - Beta 13 --- EXPLORER MODE // 2024.05.19 @ 15:49:18 Player: Blade Result: Destroyed by 8R-AWN with 8R-AWN's Boregun Performance ------------- Evolutions (1) 500 Regions Visited (4) 800 Robots Destroyed (9) 45 Value Destroyed (336) 336 Prototype IDs (1) 20 Alien Tech Used (0) 0 Bonus (-33) -33 TOTAL SCORE: 1668 Bonus ------- Friendly Fire -33 Cogmind --------- Core Integrity 0/400 Matter 283/300 Energy 100/100 System Corruption 2% Temperature Cool (0) Movement Core (200) Ox3 Location -9/Exiles Parts ------- > --- POWER (1) -------- (None) > --- PROPULSION (4) --- (None) > --- UTILITY (3) ------ Medium Storage Unit Visual Processing Unit Visual Processing Unit > --- WEAPON (2) ------- (None) > --- INVENTORY (10) --- Compact Wheel Flight Unit Advanced Weight Redist. System Advanced Weight Redist. System Trap Scanner Trap Scanner ECM Suite Peak State ------------ > --- POWER ------------ Ion Engine > --- PROPULSION ------- Aluminum Leg Aluminum Leg > --- UTILITY ---------- Medium Storage Unit Visual Processing Unit Visual Processing Unit > --- WEAPON ----------- Assault Rifle Makeshift Shrapnel Gun > --- INVENTORY -------- Compact Wheel Flight Unit Advanced Weight Redist. System Advanced Weight Redist. System Trap Scanner Trap Scanner ECM Suite Advanced Beam Cannon Ion Cannon Assault Rifle [Rating: 15] Favorites ----------- Power Ion Engine Engine Ion Engine Propulsion Aluminum Leg Leg Aluminum Leg Utility Visual Processing Unit Storage Medium Storage Unit Processor Visual Processing Unit Protection Core Shielding Weapon Assault Rifle Energy Cannon Advanced Beam Cannon Ballistic Gun Assault Rifle Build | -11 -10 -9 -9 -9 ------- Run | Yrd Mat Mat Min Exi Slots Evolved 3 | . 1 2 . . Power . | . . . . . Propulsion 2 | . . 2 . . Utility 1 | . 1 . . . Weapon . | . . . . . Parts Attached 14 | 8 2 . 1 3 Power 1 | 1 . . . . Engine 1 | 1 . . . . Core . | . . . . . Reactor . | . . . . . Propulsion 2 | 2 . . . . Treads . | . . . . . Leg 2 | 2 . . . . Wheel . | . . . . . Hover . | . . . . . Flight . | . . . . . Utility 5 | 3 2 . . . Device . | . . . . . Storage 1 | 1 . . . . Processor 3 | 1 2 . . . Hackware . | . . . . . Protection 1 | 1 . . . . Artifact . | . . . . . Weapon 6 | 2 . . 1 3 Energy Gun . | . . . . . Energy Cannon 2 | . . . . 2 Ballistic Gun 4 | 2 . . 1 1 Ballistic Cannon . | . . . . . Launcher . | . . . . . Special Weapon . | . . . . . Impact Weapon . | . . . . . Slashing Weapon . | . . . . . Piercing Weapon . | . . . . . Special Melee Weapon . | . . . . . Unidentified Prototypes 1 | . . . . 1 Parts Lost 9 | . 1 . . 8 Power 1 | . . . . 1 Propulsion 2 | . . . . 2 Utility 1 | . 1 . . . Weapon 5 | . . . . 5 Highest Loss Streak 8 | . 1 . . 8 To Critical Strikes 5 | . . . . 5 Average Slot Usage (%) 79 | . 93 80 80 62 Engine 9 | . 12 10 10 5 Leg 19 | . 25 20 20 11 Storage 10 | . 12 10 10 10 Processor 19 | . 18 20 20 20 Ballistic Gun 19 | . 25 20 20 11 Naked Turns . | . . . . . Heaviest Build 19 | 19 19 19 19 19 Greatest Support 20 | 20 20 20 20 20 Greatest Overweight (x) 3 | . . . . 3 Average Overweight (x) . | . . . . . Largest Inventory Capacity 10 | 10 10 10 10 10 Average Capacity 9 | 8 10 10 10 10 Most Carried 10 | . 2 10 10 10 Average Carried 6 | . . 4 9 8 Final Capacity 10 | 10 10 10 10 10 Final Carried 10 | . 2 10 10 7 Class Distribution -------------------- 100% | Hacker-Mutant Dominant Class ---------------- Hacker-Mutant | -10/Materials Hacker-Mutant | -9/Materials Hacker-Mutant | -9/Mines Hacker-Mutant | -9/Exiles Resources | -11 -10 -9 -9 -9 ----------- Run | Yrd Mat Mat Min Exi Matter Collected 456 | 225 . 161 70 . Remotely . | . . . . . Salvage Created 445 | . 88 218 72 67 Parts 21 | . 6 13 2 . Haulers Intercepted . | . . . . . Recyclers Shooed . | . . . . . Parts Field Recycled . | . . . . . Retrieved Matter . | . . . . . Parts Self-Destructed . | . . . . . Prevented . | . . . . . Kills | -11 -10 -9 -9 -9 ------- Run | Yrd Mat Mat Min Exi Combat Hostiles Destroyed 14 | . 2 4 2 6 Guns 10 | . 2 4 2 2 Cannons 4 | . . . . 4 Classes Destroyed 4 | . 1 2 . 1 Watcher 1 | . . 1 . . Grunt 6 | . 2 2 2 . Sentry 2 | . . 2 . . Assembled 6 | . . . . 6 Best Kill Streak 6 | . 2 3 2 6 Combat Bots Only 6 | . 2 2 2 6 Max Kills in Single Turn 1 | . 1 1 1 1 Gunslinging . | . . . . . Exploded . | . . . . . Melee . | . . . . . Uniques/NPCs Destroyed . | . . . . . Combat | -11 -10 -9 -9 -9 -------- Run | Yrd Mat Mat Min Exi Hostile Shots Fired 163 | . 14 20 10 119 Missed 38 | . 8 5 4 21 Damage Taken 1252 | . 42 121 47 1042 Core 407 | . . 8 7 392 Absorbed by Shields . | . . . . . Ignored by Resistances 741 | . 28 80 31 602 Core Remaining (%) 100 | 100 100 . . . Volleys Fired 47 | . 5 13 6 23 Largest 2 | . 2 2 2 2 Hottest 60 | . 40 40 44 60 Shots Fired 76 | . 10 26 12 28 Gun 67 | . 10 26 12 19 Cannon 9 | . . . . 9 Launcher . | . . . . . Special . | . . . . . Kinetic 67 | . 10 26 12 19 Thermal 9 | . . . . 9 Explosive . | . . . . . Electromagnetic . | . . . . . Robot Hit Streak 17 | . 8 15 17 13 Robot Miss Streak 3 | . 1 1 1 3 Penetration Max . | . . . . . Secondary Targets 1 | . . . 1 . Max Gunslinging Chain 1 | . . . 1 . Shots Hit Robots 66 | . 9 22 12 23 Core Hits 36 | . 5 10 5 16 Critical Kills . | . . . . . Critical Parts Destroyed . | . . . . . Critical Strikes . | . . . . . Melee Attacks . | . . . . . Impact . | . . . . . Slashing . | . . . . . Piercing . | . . . . . Sneak Attacks . | . . . . . Combat Hostiles . | . . . . . Follow-up Attacks . | . . . . . Damage Inflicted 1003 | . 124 273 199 407 Guns 867 | . 124 273 197 273 Cannons 119 | . . . . 119 Explosions . | . . . . . Melee . | . . . . . Ramming 17 | . . . 2 15 Kinetic 867 | . 124 273 197 273 Thermal 119 | . . . . 119 Explosive . | . . . . . Electromagnetic . | . . . . . Impact . | . . . . . Slashing . | . . . . . Piercing . | . . . . . Highest Corruption 2 | . . . . 2 Average Corruption 2 | . . . . 2 Corruption Purged . | . . . . . Corruption Blocked . | . . . . . Effects 1 | . . . . 1 Message Errors 1 | . . . . 1 Overload Shots . | . . . . . Overflow Damage . | . . . . . Projectiles . | . . . . . Explosions . | . . . . . Melee . | . . . . . Knockbacks . | . . . . . Impact . | . . . . . Kinetic . | . . . . . Secondary . | . . . . . Self-Inflicted Damage 5 | . . . . 5 Shots . | . . . . . Rammed 12 | . . . . 12 Targets Rammed 13 | . . . 1 12 Kicked 1 | . . . 1 . Crushed . | . . . . . Highest Temperature 56 | . 2 17 . 56 Average Temperature 28 | . 1 12 . 31 Received Heat Transfer 360 | . 39 99 42 180 Siege Activations . | . . . . . Robots Corrupted . | . . . . . Combat Hostiles . | . . . . . Parts Fried . | . . . . . Impact Corruptions . | . . . . . Robots Melted . | . . . . . Combat Hostiles . | . . . . . Parts Melted . | . . . . . Heat Transferred 212 | . . . . 212 Parts Sabotaged . | . . . . . Parts Stolen . | . . . . . Parts Stripped . | . . . . . Power Chain Reactions . | . . . . . Alert | -11 -10 -9 -9 -9 ------- Run | Yrd Mat Mat Min Exi Peak Influence 164 | . 50 164 95 . Initial 45 | . . 14 45 . Average 46 | . 33 69 50 . Maximum Alert Level . | . . . . . Low Security (%) 100 | 100 100 100 100 . Level 1 . | . . . . . Level 2 . | . . . . . Level 3 . | . . . . . Level 4 . | . . . . . Level 5 . | . . . . . High Security . | . . . . . Max Security . | . . . . . Squads Dispatched 2 | . . 2 . . Investigation 1 | . . 1 . . Extermination . | . . . . . Reinforcement 1 | . . 1 . . Assault . | . . . . . Garrison . | . . . . . Intercept . | . . . . . Searches Triggered . | . . . . . Construction Impeded . | . . . . . Haulers Reinforced . | . . . . . Active Scanning Responses . | . . . . . Cargo Convoy Interrupts . | . . . . . Stealth | -11 -10 -9 -9 -9 --------- Run | Yrd Mat Mat Min Exi Distress Signals . | . . . . . Communications Jammed . | . . . . . Distress Signals . | . . . . . Times Spotted 18 | . 2 6 2 8 Peak Tracking Total 9 | . 2 2 2 9 Tactical Retreats . | . . . . . Traps | -11 -10 -9 -9 -9 ------- Run | Yrd Mat Mat Min Exi Traps Triggered . | . . . . . Indirectly . | . . . . . Trap Hack Attempts . | . . . . . Triggered . | . . . . . Disarmed . | . . . . . Reprogrammed . | . . . . . Reused . | . . . . . Traps Extracted . | . . . . . Installed . | . . . . . Triggered . | . . . . . Machines | -11 -10 -9 -9 -9 ---------- Run | Yrd Mat Mat Min Exi Machines Disabled 1 | . . . . 1 Max in Single Turn 1 | . . . . 1 Machines Repaired . | . . . . . Machines Dismantled . | . . . . . Machines Sabotaged . | . . . . . Overloaded Fab Kills . | . . . . . Hacking | -11 -10 -9 -9 -9 --------- Run | Yrd Mat Mat Min Exi Machines Accessed 4 | . 1 3 . . Terminals 4 | . 1 3 . . Fabricators . | . . . . . Repair Stations . | . . . . . Recycling Units . | . . . . . Scanalyzers . | . . . . . Garrison Access . | . . . . . Total Hacks 11 | . 4 7 . . Successful 4 | . 1 3 . . Failed 7 | . 3 4 . . Catastrophic 2 | . 1 1 . . Database Lockouts . | . . . . . Manual 4 | . 3 1 . . Terminals 11 | . 4 7 . . Fabricators . | . . . . . Repair Stations . | . . . . . Recycling Units . | . . . . . Scanalyzers . | . . . . . Garrison Access . | . . . . . Terminal Hacks 4 | . 1 3 . . Record 2 | . 1 1 . . Alert Level 1 | . . 1 . . Locate Traps 1 | . . 1 . . Fabricator Hacks . | . . . . . Repair Station Hacks . | . . . . . Recycling Unit Hacks . | . . . . . Scanalyzer . | . . . . . Garrison Access Hacks . | . . . . . Unauthorized Hacks . | . . . . . Terminals . | . . . . . Fabricators . | . . . . . Repair Stations . | . . . . . Recycling Units . | . . . . . Scanalyzers . | . . . . . Garrison Access . | . . . . . Data Cores Recovered . | . . . . . Used . | . . . . . Hacking Detections 3 | . 1 2 . . Full Trace Events 1 | . . 1 . . Feedback Events . | . . . . . Feedback Blocked . | . . . . . Robot Schematics Acquired . | . . . . . Robots Built . | . . . . . Authchips . | . . . . . Time . | . . . . . Total Robot Build Rating . | . . . . . Part Schematics Acquired . | . . . . . Parts Built . | . . . . . Authchips . | . . . . . Time . | . . . . . Total Part Build Rating . | . . . . . Parts Repaired . | . . . . . Time . | . . . . . Parts Recycled . | . . . . . Recycled Matter . | . . . . . Retrieved Matter . | . . . . . Retrieved Components . | . . . . . Parts Scanalyzed . | . . . . . Part Schematics Acquired . | . . . . . Parts Damaged . | . . . . . Bothacking | -11 -10 -9 -9 -9 ------------ Run | Yrd Mat Mat Min Exi Used RIF Installer . | . . . . . Robots Hacked . | . . . . . Non-combat . | . . . . . Combat . | . . . . . Robot Hacks Applied . | . . . . . Relay Couplers Released . | . . . . . Fabnet Peak Effective % . | . . . . . Robots Rewired . | . . . . . Allies Hacked . | . . . . . Hacks Repelled . | . . . . . Allies | -11 -10 -9 -9 -9 -------- Run | Yrd Mat Mat Min Exi Total Allies . | . . . . . Largest Group . | . . . . . Highest-Rated Group . | . . . . . Highest-Rated Ally . | . . . . . Total Orders . | . . . . . Ally Attacks . | . . . . . Total Damage . | . . . . . Kills . | . . . . . Allies Corrupted . | . . . . . Allies Melted . | . . . . . Intel | -11 -10 -9 -9 -9 ------- Run | Yrd Mat Mat Min Exi Robot Analysis Total . | . . . . . Derelict Logs Recovered . | . . . . . Drone Launches . | . . . . . Drone Recoveries . | . . . . . Exploration | -11 -10 -9 -9 -9 ------------- Run | Yrd Mat Mat Min Exi Turns Passed 1224 | 123 185 262 490 164 Spaces Moved 873 | 95 138 180 391 69 Core 7 | 4 . . . 3 Treads . | . . . . . Legs 866 | 91 138 180 391 66 Wheels . | . . . . . Hover . | . . . . . Flight . | . . . . . Fastest Speed 50 | 50 120 120 120 120 Average Speed 119 | 117 120 120 120 123 Slowest Speed 200 | 120 120 120 120 200 Overloaded Moves . | . . . . . Propulsion Burnouts . | . . . . . Robots Hopped . | . . . . . Cave-ins Triggered . | . . . . . Exploration Rate (%) 28 | 5 22 15 80 22 Regions Visited 4 Branch Regions 2 Pre-discovered Areas . | . . . . . Known Exits Taken 4 | 1 1 1 1 . Unknown Exits Taken . | . . . . . Scrap Searched 1 | . . . 1 . Spaces Dug . | . . . . . Terrain Destroyed . | . . . . . Melee . | . . . . . Projectile . | . . . . . AOE . | . . . . . Terrain Rammed . | . . . . . Walls Destroyed . | . . . . . Machines Disabled . | . . . . . Actions | -11 -10 -9 -9 -9 --------- Run | Yrd Mat Mat Min Exi Total 957 | 103 146 200 399 109 Wait 2 | . . . . 2 Move 869 | 94 137 179 390 69 Hop . | . . . . . Pick Up 10 | . 2 8 . . Fast Attach 10 | 8 2 . . . Attach 3 | . . . . 3 Detach . | . . . . . Swap 1 | . . . 1 . Drop 2 | 1 . . 1 . Fire 47 | . 5 13 6 23 Melee . | . . . . . Ram 12 | . . . . 12 Kick 1 | . . . 1 . Crush . | . . . . . Escape Stasis . | . . . . . Rewire . | . . . . . Trap . | . . . . . Miscellaneous . | . . . . . Route ------- -11/Scrapyard -10/Materials -9/Materials -9/Mines -9/Exiles (discovered 1 exit: *Min) History --------- Turn | Location | Event 45 | -11/Scrapyard | Identified exit to Materials 45 | -11/Scrapyard | Discovered exit to Materials (range 15) 124 | -11/Scrapyard | Entered Materials 124 | -10/Materials | Evolved 1 slot: Utility x1 288 | -10/Materials | Identified exit to Materials 288 | -10/Materials | Discovered exit to Materials (range 8) 309 | -10/Materials | Entered another Materials area 309 | -9/Materials | Evolved 2 slots: Propulsion x2 318 | -9/Materials | Build established: Hacker-Mutant 495 | -9/Materials | Identified exit to Mines 495 | -9/Materials | Discovered exit to Mines (range 15) 571 | -9/Materials | Entered Mines 754 | -9/Mines | A weapon hastily lodged in a ceiling crevice suddenly fell to the ground 1052 | -9/Mines | Deemed a non-threat by the Exiles lab entrance 1053 | -9/Mines | Identified exit to Exiles 1053 | -9/Mines | Discovered exit to Exiles (range 5) 1061 | -9/Mines | Entered Exiles 1089 | -9/Exiles | Identified exit to Mines 1089 | -9/Exiles | Discovered exit to Mines (range 17) 1109 | -9/Exiles | Met 8R-AWN 1130 | -9/Exiles | Met EX-HEX 1142 | -9/Exiles | Attacked by the Exiles 1200 | -9/Exiles | Core integrity fell below 50% 1216 | -9/Exiles | Core integrity fell below 20% 1225 | -9/Exiles | Destroyed by 8R-AWN with 8R-AWN's Boregun Last Messages --------------- 01213_ Slammed into 8R-AWN. 01215_ Destabilizing: Core damaged (-12). 01217_ Slammed into 8R-AWN. 01217_ Penetrated by HV Slug. 01217_ HV Slug penetrates Wall. 01217_ Penetrated by HV Slug. 01217_ HV Slug penetrates Wall. 01219_ Slammed into 8R-AWN. 01221_ Penetrated by HV Slug. 01221_ HV Slug penetrates Machine. 01221_ Penetrated by HV Slug. 01221_ HV Slug penetrates Wall. 01223_ Slammed into 8R-AWN. 01223_ Destabilizing: Core damaged (-20). 01225_ I1J|K,GNS RUUZB8%NI7OFV4AX|F>,CQUUM 01225_ Slammed into 8R-AWN. 01225_ Destabilizing: Core damaged (-8). 01225_ HV Slug penetrates Wall. 01225_ HV Slug penetrates Earth. 01225_ Penetrated by HV Slug. Map ----- +----------------------------------------------------+ | ?????????????????????????????????????????????????? | | ?????????????????????????????????????????????????? | | ?????????????????????????????????????????????????? | | ?????????????????????????????????????????????????? | | ?????????????????????????????????????????????????? | | ?????????????????????????????????????????????????? | | ?????????????????????????????????????????????????? | | ?????????????????????????????????????????????????? | | ?????????????????????????????????????????????????? | | ?????????????????????????????????????????????????? | | ?????????????????????????????????????????????????? | | ?????????????????????????????????????????????????? | | ????????????????##???????????????????????????????? | | ???????????#?"?"""""""#??????????????????????????? | | ??????????? " """ """"??????????????????????????? | | ?????????? "" " ?????????????????????????? | | ?????????? " """?????????????????????????? | | ?????????? "a"????????????#####????????? | | ????????? " "##?????????##" #????????? | | ????????? ""###???????#" #????????? | | ???????? """#??????##" ##???????? | | ???????? "###??### ###?????? | | ?????????" #;#??# ####### | | ?????????"" ;#?## #""""# | | ????????"""" g ### | | ???????# @ ## * | | ??????? ;### | | ??????" ###"""""#### | | ?????? %% # ""##?#######??### | | ?????? % ;#####?????????????? | | ??????? %% ###?????????????????? | | ??????? " ##???????????????????? | | ???????? "" ""#????????????????????? | | ????????" " " "";" % %"##????????????????????? | | ??????????""" """##""""" "##?????????????????????? | | ??????????????""#?#########??????????????????????? | | ?????????????????????????????????????????????????? | | ?????????????????????????????????????????????????? | | ?????????????????????????????????????????????????? | | ?????????????????????????????????????????????????? | | ?????????????????????????????????????????????????? | | ?????????????????????????????????????????????????? | | ?????????????????????????????????????????????????? | | ?????????????????????????????????????????????????? | | ?????????????????????????????????????????????????? | | ?????????????????????????????????????????????????? | | ?????????????????????????????????????????????????? | | ?????????????????????????????????????????????????? | | ?????????????????????????????????????????????????? | | ?????????????????????????????????????????????????? | +----------------------------------------------------+ Best States ------------- Heat Dissipation 28 Energy Generation 10 Energy Capacity 250 Matter Stores 300 Matter Capacity 300 Sight Range 18 Terrain Scan Density 10 Resistance: KI 35 Resistance: TH 35 Resistance: EX 35 Resistance: EM 35 Resistance: I 35 Resistance: S 35 Resistance: P 35 Core Shielding 20 Evasion (%) 55 Targeting Accuracy 5 Offensive Hacking 20 Item Schematics ----------------- None Robot Schematics ------------------ None Fabricated ------------ Nothing Alien Tech Used ----------------- None Achievements -------------- None Challenges ------------ None Game ------ Seed LongswordMultinovaRailgun Manual? 0 Play Time 00:15:07 Cumulative 23.2 hours Start 2024.05.19 @ 15:36:06 End 2024.05.19 @ 15:49:18 Sessions 1 Manual Loads 0 Difficulty Explorer Special Mode None Game No. 30 Rogue 0 Adventurer 27 Explorer 3 Win Type - Total 0 Types 0/0/0/0/0/0/0/0/0 Lore% 19 Gallery% 31 Achievement% 26 Wizard Run 0 Options --------- Layout 1 ASCII 0 Keyboard 0 Movement Arrows Keybinds 0 Fullscreen 1 Font 24/Smallcaps Map View 50x35 Zoom Use 0% Tactical HUD 1 Map Filters NONE Filters NONE Steam 1 RUN: 777c555b-8bb2-497b-839f-24404f0ddb82